 Dungeon Crawl Stone Soup version 0.30-a0-883-g5ad918d77d (webtiles) character file.

Game seed: 766359646508620617

29678 Newt the Warrior (level 13, -2/103 HPs)
             Began as a Demonspawn Gladiator on Mar 17, 2023.
             Was an Elder of Hepliaklqana.
             Slain by a seven-headed hydra (9 damage)
             ... summoned by a boggart
             ... on level 2 of the Lair of Beasts.
             The game lasted 00:22:47 (16165 turns).

Newt the Warrior (Demonspawn Gladiator)            Turns: 16165, Time: 00:22:47

Health: -2/103     AC: 22    Str: 28    XL:     13   Next: 16%
Magic:  0/18       EV: 11    Int: 10    God:    Hepliaklqana [****..]
Gold:   1100       SH:  0    Dex: 14    Spells: 12/12 levels left

rFire   + + .      SeeInvis +    L - +1 hand axe "Egrat" {vamp, Drain rElec Str+6}
rCold   x . .      Faith    .    (no shield)
rNeg    . . .      Spirit   +    s - +4 fire dragon scales
rPois   .          Reflect  .    c - +0 helmet
rElec   +          Rampage  .    (no cloak)
rCorr   .                        j - +2 pair of gloves
Will    ++...                    (boots unavailable) Stlth
                                 B - amulet of guardian spirit
HPRegen 0.37/turn                y - ring of willpower
MPRegen 0.16/turn                W - ring of see invisible

@: mighty, about to teleport, on berserk cooldown, hasted and slowed
A: reduced essence, hooves 3, foul stench 2, sharp scales 2, claws 1,
strong-willed 1, strong 1, MP-powered wands
a: Renounce Religion, Recall Ancestor, Ancestor Identity, Transference, Idealise


You were on level 2 of the Lair of Beasts.
You worshipped Hepliaklqana.
Hepliaklqana was greatly pleased with you.
You visited 3 branches of the dungeon, and saw 14 of its levels.
You also visited: Sewer.

You collected 1856 gold pieces.
You spent 756 gold pieces at shops.

Inventory:

Hand Weapons
 v - a +3 war axe of electrocution
 L - the +1 hand axe "Egrat" (weapon) {vamp, Drain rElec Str+6}
   (You found it on level 10 of the Dungeon)

   Str:       It affects your strength (+6).
   rElec:     It insulates you from electricity.
   Drain:     It drains your maximum health when unequipped.
Missiles
 d - a throwing net
 g - 67 poisoned darts
 h - 4 atropa-tipped darts
 p - 6 datura-tipped darts
 w - a javelin
 D - 4 silver javelins
 T - a curare-tipped dart
 V - 8 boomerangs (quivered)
Armour
 c - a +0 helmet (worn)
 j - a +2 pair of gloves (worn)
 s - +4 fire dragon scales (worn)
 J - a +0 pair of boots
 R - a +0 ring mail of cold resistance
 U - +0 acid dragon scales
Jewellery
 y - a ring of willpower (left hand)
 B - an amulet of guardian spirit (around neck)
 W - a ring of see invisible (right hand)
Wands
 q - a wand of flame (31)
 C - a wand of charming (33)
 N - a wand of digging (5)
 O - a wand of polymorph (7)
Scrolls
 a - a scroll of enchant weapon
 n - 2 scrolls of brand weapon
 o - a scroll of amnesia
 r - a scroll of fear
 F - 2 scrolls of teleportation
 G - a scroll of identify
 Z - a scroll of magic mapping
Potions
 e - 4 potions of attraction
 f - 5 potions of flight
 i - 2 potions of resistance
 l - a potion of curing
 t - 4 potions of brilliance
 A - a potion of berserk rage
 E - a potion of magic
 I - a potion of ambrosia
 P - 2 potions of lignification
 Q - a potion of cancellation {unknown}
Miscellaneous
 X - a box of beasts
 Y - a tin of tremorstones (2/2)


   Skills:
 - Level 15.0 Fighting
 - Level 2.6 Short Blades
 - Level 12.1 Axes
 - Level 5.0 Throwing
 - Level 10.0 Armour
 - Level 2.6 Dodging
 - Level 1.5 Stealth
 + Level 6.8 Invocations
 - Level 6.0 Evocations


You had 12 spell levels left.
You didn't know any spells.
Your spell library contained the following spells:

 Spells                   Type           Power      Damage    Failure   Level
 Beastly Appendage        Tmut           0%         N/A       63%         1
 Foxfire                  Conj/Fire      0%         2x1d4     63%         1
 Shock                    Conj/Air       0%         1d3       63%         1
 Summon Small Mammal      Summ           0%         N/A       63%         1
 Wereblood                Tmut           0%         N/A       77%         2
 Call Canine Familiar     Summ           0%         N/A       94%         3
 Gell's Gravitas          Tloc           0%         N/A       94%         3
 Spider Form              Tmut/Pois      0%         N/A       94%         3
 Summon Guardian Golem    Hex/Summ       0%         N/A       94%         3
 Swiftness                Air            0%         N/A       94%         3
 Teleport Other           Tloc           0%         N/A       94%         3
 Airstrike                Air            0%         2d(0-16)  100%        4
 Fireball                 Conj/Fire      0%         3d3       100%        5
 Dispersal                Tloc           0%         N/A       100%        6
 Starburst                Conj/Fire      0%         6d3       100%        6


Dungeon Overview and Level Annotations

Branches:
Dungeon (11/15)            Temple (1/1) D:5            Lair (2/5) D:11
 Shoals (0/4) Lair:2        Snake (0/4) Lair:2          Orc (0/2) D:9
  Sewer (visited)

Altars:
Ashenzari
Cheibriados
Dithmenos
Fedhas
Gozag
Hepliaklqana
Kikubaaqudgha
Makhleb
Nemelex Xobeh
Okawaru
Qazlal
Ru
Sif Muna
Trog
Uskayaw
Vehumet
Wu Jian
Xom
Yredelemnul

Shops:
D:3 *   D:10 [[


Innate Abilities, Weirdness & Mutations

Your life essence is reduced to manifest your ancestor. (-10% HP)
You have hooves in place of feet.
You sometimes emit foul miasma when damaged in melee.
You are mostly covered in razor-sharp scales. (AC +2, Slay +2)
You have sharp fingernails.
You are strong-willed. (Will+)
Your muscles are strong. (Str +4, Int/Dex -1)
You expend magic power (3 MP) to strengthen your wands.


Message History

The spriggan closely misses you.
The boggart gestures wildly while chanting.
The 11-headed hydra bites you! x2
The 11-headed hydra bites you but does no damage.
The 11-headed hydra misses you. The 11-headed hydra bites you.
* * * LOW HITPOINT WARNING * * *
The 11-headed hydra bites you.
* * * LOW HITPOINT WARNING * * *
The 11-headed hydra closely misses you.
The 11-headed hydra bites you but does no damage. x2
The 11-headed hydra bites you.
* * * LOW HITPOINT WARNING * * *
You emit a cloud of foul miasma!
The 11-headed hydra bites you.
* * * LOW HITPOINT WARNING * * *
You swap places.
The seven-headed hydra barely misses Nolwazi.
The seven-headed hydra closely misses Nolwazi.
The seven-headed hydra bites Nolwazi.
The seven-headed hydra bites Nolwazi!
The seven-headed hydra bites Nolwazi.
The seven-headed hydra barely misses Nolwazi.
The seven-headed hydra bites Nolwazi!
The spriggan hits you from afar with a +0 spear.
* * * LOW HITPOINT WARNING * * *
The 11-headed hydra is engulfed in dark miasma.
The 11-headed hydra bites Nolwazi!
Nolwazi is destroyed!
There is an open translucent door, spattered with blood here.
Okay, then.
As you read the scroll of teleportation, it crumbles to dust.
You feel strangely unstable.
The spriggan hits you but does no damage.
The 11-headed hydra is engulfed in dark miasma.
The 11-headed hydra seems to slow down.
The seven-headed hydra attacks as you move away!
The seven-headed hydra bites you but does no damage.
The seven-headed hydra misses you. The seven-headed hydra bites you!
* * * LOW HITPOINT WARNING * * *
The seven-headed hydra bites you but does no damage.
The seven-headed hydra bites you!
You die...

..# ##................#.##
#######
#...............##..P#
##..###
##.R######.....).##.##
#.....# #.##♣♣♣
###........# ##....##
#..#!.♣♣ ♣##.##.##.#
#≈...###
#..##F.♣.♣♣#..######
##≈.....# #..8#Di...♣#.##
#~~≈....# #...#D○g♣. #.#
##≈≈..### #...@♣♣!..♣###
###†.# #...#♣♣h.♣♣ ##..†##
#..8#..♣ .♣ #..###
#####..##♣...♣♣### .†.##
#......#.)♣♣♣♣##.## ##..##
####...#♣♣♣ ##...# ##..#
#......#### #P..## ####.#
#..##.#...# #...P#
.....####.######..####...##


You could see a 11-headed hydra (summoned, slow), a seven-headed hydra
(summoned), a spriggan, a bullfrog (summoned) and a boggart.

Vanquished Creatures
  The ghost of FexLirch the Basher, a journeyman AtFi of Okawaru (Lair:2)
  Erica (D:9)
  2 boulder beetles
  2 tengu warriors (D:11)
  3 two-headed ogres
  A spriggan (Lair:2)
  Amaemon (D:11)
  An orc knight (D:11)
  2 ugly things (D:11)
  A cyclops (D:11)
  A water nymph (Lair:2)
  A black mamba (Lair:2)
  An orange demon (D:11)
  2 cane toads
  3 kobold demonologists (D:11)
  A yaktaur (D:11)
  A komodo dragon (Lair:2)
  A troll (D:11)
  A hornet (Lair:2)
  2 shadows (D:11)
  A vampire (D:11)
  2 wraiths
  A wyvern (D:7)
  25 yaks
  A vampire mosquito (D:11)
  A steam dragon (D:10)
  4 nagas (Lair:2)
  3 acid dragons
  15 water moccasins
  A black bear (D:5)
  An orc warrior (D:9)
  2 ogres
  2 sky beasts
  3 ice beasts
  4 centaurs
  3 wolves (Lair:1)
  2 phantoms
  10 kobold brigands
  5 bullfrogs
  3 wights
  9 killer bees
  A howler monkey (D:4)
  3 crimson imps (D:7)
  2 hounds
  2 bullfrog zombies (D:5)
  4 orc priests
  A jelly (D:5)
  Natasha (D:2)
  A sleepcap (D:4)
  Jessica (D:3)
  A hexer (D:10)
  2 iguanas
  2 orc wizards
  7 gnolls
  18 adders
  A river rat (Sewer)
  A shadow imp (D:7)
  A white imp (D:8)
  7 worms
  7 dart slugs
  23 orcs
  3 ball pythons
  6 bats
  10 endoplasms
  3 giant cockroaches
  6 goblins
  9 hobgoblins
  17 jackals
  4 quokkas
  3 frilled lizards
  31 kobolds
  8 rats
313 creatures vanquished.

Vanquished Creatures (collateral kills)
  A fire dragon (D:11)
  A hydra (Lair:2)
  A centaur warrior (D:11)
  Urug (D:11)
  A deep elf pyromancer (D:11)
  A water nymph (Lair:2)
  A shadow (D:11)
  8 yaks
  A basilisk (Lair:2)
  A vampire mosquito (D:11)
  A naga (Lair:2)
  4 water moccasins
  A wolf (Lair:1)
  A kobold brigand (D:9)
  2 bullfrogs
  A gnoll sergeant (D:11)
  A wight (D:10)
  2 killer bees
  A crimson imp (D:7)
  An orc priest (D:10)
  3 orc wizards
  A gnoll (D:11)
  3 adders (Lair:2)
  2 orcs
  6 kobolds
47 creatures vanquished.

Vanquished Creatures (others)
  A wight (D:10)
  An ancestor (D:7)
  4 hexers
  12 fungi (Lair:2)
  7 plants (Lair:2)
25 creatures vanquished.

Grand Total: 385 creatures vanquished

Notes
Turn   | Place    | Note
-------+----------+-------------------------------------------
     0 | D:1      | Newt the Demonspawn Gladiator began the quest for the Orb.
     0 | D:1      | Reached XP level 1. HP: 16/16 MP: 1/1
    33 | D:1      | Reached skill level 1 in Stealth
    90 | D:1      | Gained mutation: You are partially covered in razor-sharp
                  | scales. (AC +1, Slay +1) [demonic ancestry]
    90 | D:1      | Reached XP level 2. HP: 19/22 MP: 2/2
   400 | D:1      | Reached skill level 3 in Fighting
   401 | D:1      | Gained mutation: You may rarely emit foul miasma when
                  | damaged in melee. [demonic ancestry]
   401 | D:1      | Reached XP level 3. HP: 21/29 MP: 3/3
  1294 | D:2      | Reached XP level 4. HP: 16/37 MP: 4/4
  1301 | D:2      | Reached skill level 4 in Fighting
  1741 | D:3      | Noticed Jessica
  1745 | D:3      | Noticed Natasha
  1923 | D:2      | Killed Natasha
  2321 | D:3      | Killed Jessica
  2385 | D:3      | Reached XP level 5. HP: 42/42 MP: 5/5
  2425 | D:3      | Found a snail-covered altar of Cheibriados.
  2499 | D:3      | Found Giruwk's General Store.
  2509 | D:3      | Bought a scroll of identify for 28 gold pieces
  3169 | D:4      | Noticed an ogre
  3176 | D:4      | Noticed a phantom
  3182 | D:4      | Killed an ogre
  3196 | D:4      | Killed a phantom
  3197 | D:4      | Reached XP level 6. HP: 9/48 MP: 6/6
  3202 | D:4      | Reached skill level 5 in Throwing
  3439 | D:4      | Reached skill level 1 in Armour
  3565 | D:4      | Found an opulent altar of Gozag.
  4017 | D:5      | Entered Level 5 of the Dungeon
  4040 | D:5      | Reached XP level 7. HP: 54/54 MP: 7/7
  4161 | D:5      | Reached skill level 1 in Axes
  4231 | D:5      | Found a staircase to the Ecumenical Temple.
  4268 | Temple   | Entered the Ecumenical Temple
  4331 | Temple   | Became a worshipper of Hepliaklqana the Forgotten
  4996 | D:5      | Found a basalt altar of Yredelemnul.
  5033 | D:5      | Reached skill level 5 in Axes
  5033 | D:5      | Gained mutation: You sometimes emit foul miasma when
                  | damaged in melee. [demonic ancestry]
  5033 | D:5      | Reached XP level 8. HP: 24/60 MP: 8/8
  5719 | D:6      | Found a glowing drain.
  5726 | Sewer    | Entered a sewer
  6121 | D:6      | Gained mutation: You are somewhat resistant to further
                  | mutation. [potion of mutation]
  6122 | D:6      | Lost mutation: You are somewhat resistant to further
                  | mutation. [potion of mutation]
  6122 | D:6      | Gained mutation: You are frail. (-10% HP) [potion of
                  | mutation]
  6122 | D:6      | Gained mutation: You expend magic power (3 MP) to
                  | strengthen your wands. [potion of mutation]
  6122 | D:6      | Gained mutation: You are strong-willed. (Will+) [potion of
                  | mutation]
  6125 | D:6      | Reached skill level 10 in Axes
  6125 | D:6      | Gained mutation: You have large cloven feet. [demonic
                  | ancestry]
  6125 | D:6      | Reached XP level 9. HP: 58/58 MP: 9/9
  6432 | D:6      | Reached * piety under Hepliaklqana
  6838 | D:7      | Reached skill level 5 in Fighting
  6910 | D:7      | Gained mutation: You have hoof-like feet. [demonic
                  | ancestry]
  6910 | D:7      | Reached XP level 10. HP: 60/60 MP: 10/10
  6913 | D:7      | Reached skill level 6 in Fighting
  6914 | D:7      | HP: 2/60 [yak (11)]
  7148 | D:7      | Found a shimmering altar of Xom.
  7150 | D:7      | Reached skill level 7 in Fighting
  7353 | D:7      | Found an iron altar of Okawaru.
  7353 | D:7      | Found a bloodstained altar of Trog.
  7755 | D:8      | Reached ** piety under Hepliaklqana
  7756 | D:8      | Remembered your ancestor Nolwazi as a hexer
  8294 | D:9      | Reached skill level 8 in Fighting
  8294 | D:9      | Reached skill level 1 in Evocations
  8493 | D:9      | Noticed Erica
  8504 | D:9      | Killed Erica
  9082 | D:9      | Found a staircase to the Orcish Mines.
  9692 | D:9      | Reached *** piety under Hepliaklqana
  9910 | D:9      | Found a sparkling altar of Nemelex Xobeh.
 10183 | D:10     | Entered Level 10 of the Dungeon
 10183 | D:10     | Noticed a two-headed ogre
 10190 | D:9      | Reached skill level 5 in Evocations
 10191 | D:9      | Gained mutation: You are mostly covered in razor-sharp
                  | scales. (AC +2, Slay +2) [demonic ancestry]
 10191 | D:9      | Reached XP level 11. HP: 60/68 MP: 9/11
 10475 | D:10     | Found a blossoming altar of Fedhas.
 10478 | D:10     | Found a snail-covered altar of Cheibriados.
 10480 | D:10     | Found Cheibriados's Comfort Zone.
 10514 | D:10     | Found a burning altar of Makhleb.
 10537 | D:10     | Noticed a two-headed ogre
 11123 | D:9      | Killed a two-headed ogre
 11275 | D:10     | Killed a two-headed ogre
 11493 | D:10     | Found a stormy altar of Qazlal.
 11547 | D:10     | Found Geliameg's Armour Shop.
 11633 | D:10     | Identified the +1 hand axe "Egrat" {vamp, Drain rElec
                  | Str+6}
 11686 | D:11     | Noticed Urug
 11690 | D:11     | Noticed a sixfirhy
 11692 | D:11     | Noticed a sun demon
 11699 | D:11     | Noticed a soul eater
 11700 | D:11     | HP: 3/66 [Urug/+1 broad axe of flaming (1)]
 11701 | D:11     | Noticed a deep elf pyromancer
 11710 | D:11     | Killed a deep elf pyromancer
 11880 | D:11     | Noticed a fire dragon
 11900 | D:11     | Noticed Amaemon
 11912 | D:11     | Noticed a centaur warrior
 12090 | D:10     | Identified a scroll of acquirement
 12090 | D:10     | Acquired a manual of Fighting
 12269 | D:11     | Lost mutation: You expend magic power (3 MP) to strengthen
                  | your wands. [potion of mutation]
 12269 | D:11     | Lost mutation: You are frail. (-10% HP) [potion of
                  | mutation]
 12269 | D:11     | Gained mutation: You expend magic power (3 MP) to
                  | strengthen your wands. [potion of mutation]
 12269 | D:11     | Gained mutation: Your muscles are strong. (Str +4, Int/Dex
                  | -1) [potion of mutation]
 12269 | D:11     | Gained mutation: You have sharp fingernails. [potion of
                  | mutation]
 12273 | D:11     | Noticed a boulder beetle
 12289 | D:11     | HP: 3/78 [boulder beetle (7)]
 12290 | D:11     | Killed a boulder beetle
 12291 | D:11     | Reached skill level 9 in Fighting
 12650 | D:11     | Noticed a two-headed ogre
 12664 | D:11     | Reached skill level 10 in Fighting
 12671 | D:11     | Killed a two-headed ogre
 12676 | D:11     | Reached skill level 11 in Fighting
 12695 | D:11     | HP: 1/83 [vampire/vampiric draining (7)]
 12708 | D:11     | HP: 3/83 [vampire (3)]
 12988 | D:11     | Killed a fire dragon
 12989 | D:11     | Reached skill level 12 in Fighting
 12989 | D:11     | Reached XP level 12. HP: 41/91 MP: 0/12
 13240 | D:11     | Killed Amaemon
 13347 | D:11     | Killed Urug
 13348 | D:11     | Reached skill level 13 in Fighting
 13388 | D:11     | Found an ornate altar of the Wu Jian Council.
 13448 | D:11     | Noticed a tengu warrior
 13463 | D:11     | Killed a tengu warrior
 13578 | D:11     | Noticed a tengu warrior
 13593 | D:11     | Killed a tengu warrior
 13594 | D:11     | Reached skill level 14 in Fighting
 13673 | D:11     | Killed a centaur warrior
 13731 | D:11     | Reached skill level 15 in Fighting
 13740 | D:11     | Found a staircase to the Lair.
 14010 | Lair:1   | Entered Level 1 of the Lair of Beasts
 14045 | Lair:1   | Found an ornate altar of the Wu Jian Council.
 14046 | Lair:1   | Noticed a boulder beetle
 14047 | Lair:1   | Found a hide-covered altar of Uskayaw.
 14061 | Lair:1   | Killed a boulder beetle
 14118 | Lair:1   | Reached **** piety under Hepliaklqana
 14472 | Lair:2   | Noticed an eight-headed hydra
 14479 | Lair:2   | Killed an eight-headed hydra
 14696 | Lair:2   | Found a runed translucent door.
 14699 | Lair:2   | Noticed FexLirch's ghost (journeyman AtFi)
 14699 | Lair:2   | Identified the +4 trident "Xearox" {pain, Drain Will+
                  | Dex+3}
 14753 | Lair:2   | Reached skill level 10 in Armour
 14928 | Lair:2   | Reached skill level 1 in Invocations
 15159 | D:3      | Bought a scroll of acquirement for 728 gold pieces
 15172 | D:3      | Acquired 940 gold pieces
 15442 | Lair:2   | Gained mutation: You have hooves in place of feet. [demonic
                  | ancestry]
 15442 | Lair:2   | Reached XP level 13. HP: 100/103 MP: 13/15
 15625 | Lair:2   | Found a staircase to the Snake Pit.
 15639 | Lair:2   | Reached skill level 5 in Invocations
 16158 | Lair:2   | Killed FexLirch's ghost
 16165 | Lair:2   | Slain by a seven-headed hydra

Illustrated notes

Levels and vault maps discovered:
D:1:      tarquinn_simple_flora_water_d, layout_basic
D:2:      layout_loops_ring, serial_bayou_pond_b
D:3:      layout_rooms, mainiacjoe_overflow_chevrons, serial_shops,
          nicolae_lakefront_shop, uniq_jessica, uniq_natasha
D:4:      layout_rooms, grunt_gozag_breadcrumbs, serial_glass, glass_columns_b,
          glass_columns_a, minmay_strange_pillars, item_on_display_a,
          due_unseen_surprise, item_on_display_a, minmay_misc_feat_cross
D:5:      layout_basic, lemuel_zombie_altar_yredelemnul, lemuel_doored_altar,
          minmay_temple_entry_junction_2
D:6:      layout_basic, gup_sewer_entry_spiral, minmay_curled_crystal
D:7:      layout_cave_pools, grunt_temple_overflow_bloody_war, led_xom_imps
D:8:      layout_loops_ring, nicolae_hexahallways
D:9:      layout_grid_maze, mainiacjoe_overflow_six_doors_small,
          lemuel_crystal_altar, orc_0_dummy, uniq_erica
D:10:     layout_cross, grunt_qazlal_sundering,
          mainiacjoe_overflow_concentric_impassable, overflow_temple_1_default,
          serial_shops, nicolae_shop_trees, minmay_shop_chei, evilmike_butchery
D:11:     minmay_the_grid_plus [minmay_the_grid_tiny_cups,
          minmay_the_grid_slots, minmay_the_grid_eight, minmay_the_grid_empty,
          minmay_the_grid_prize_shrinking_boxes], layout_irregular_city,
          nzn_wu_jian_contemplation, uniq_amaemon, uniq_urug
Temple:   cyrus_temple_forest
Lair:1:   layout_big_grid, nzn_masters_of_martial_movement
Lair:2:   lemuel_reptile_caves, layout_loops_ring,
          nicolae_shoals_entry_flooding, minmay_snake_entry_guardpost_large,
          ebering_ghost_funeral_grove, lemuel_fruit_tree

Skill      XL: |  1  2  3  4  5  6  7  8  9 10 11 12 13 |
---------------+----------------------------------------+-----
Stealth        | 1 |  1.5
Fighting       | 3 4 5 8 12 15 | 15.0
Throwing       | 3 4 5 |  5.0
Armour         | 2 3 8 10 | 10.0
Axes           | 5 10 12 | 12.1
Evocations     | 5 6 |  6.0
Invocations    | 3 6 |  6.8
Short Blades   | |  2.6
Dodging        | |  2.6

Action                     |  1- 3 |  4- 6 |  7- 9 | 10-12 | 13-15 || total
---------------------------+-------+-------+-------+-------+-------++-------
  Melee: Rapier            |   136 |   113 |       |       |       ||   249
         Punch             |     1 |       |     2 |     7 |       ||    10
         War axe           |       |    24 |   201 |   186 |       ||   411
         Kick              |       |       |    15 |     6 |    26 ||    47
         Hand axe          |       |       |       |   421 |    76 ||   497
  Throw: Stone             |     7 |     2 |       |       |       ||     9
         Throwing net      |       |     2 |     2 |     3 |       ||     7
         Dart              |       |     6 |       |     4 |       ||    10
         Javelin           |       |     1 |       |       |       ||     1
         Boomerang         |       |       |       |    12 |       ||    12
 Invoke: Ancestor Life: He |       |       |       |     1 |       ||     1
  Evoke: Wand              |       |       |       |     8 |       ||     8
    Use: Scroll            |     3 |    10 |    11 |    15 |     1 ||    40
         Potion            |       |     2 |     3 |    10 |     3 ||    18
   Stab: Sleeping          |     4 |     2 |     4 |     1 |       ||    11
         Held in net/web   |       |       |       |     2 |       ||     2
         Distracted        |       |       |       |     9 |       ||     9
         Confused          |       |       |       |    15 |       ||    15
 Armour: Leather armour    |    34 |    50 |    77 |    37 |       ||   198
         Scale mail        |       |       |       |   194 |       ||   194
         Fire dragon scale |       |       |       |   134 |    33 ||   167
  Dodge: Dodged            |   105 |    85 |   121 |   312 |    43 ||   666

Table legend: (Time is in decaauts)
 A = Elapsed time spent in this place.
 B = Non-inter-level travel time spent in this place.
 C = Inter-level travel time spent in this place.
 D = Time resting spent in this place.
 E = Time spent auto-exploring this place.
 F = Levels seen in this place.
 G = Mean time per level.
                   A        B        C        D        E       F      G
               +--------+--------+--------+--------+--------+-----+--------+
         Total |  16206 |  14751 |   1455 |   4546 |   7662 |  15 | 1080.4 |
       Dungeon |  13955 |  12614 |   1341 |   4238 |   6299 |  11 | 1268.6 |
        Temple |     96 |     55 |     41 |      0 |     47 |   1 |   96.0 |
          Lair |   1680 |   1608 |     72 |    308 |    994 |   2 |  840.0 |
         Sewer |    473 |    473 |      0 |      0 |    322 |   1 |  473.0 |
               +--------+--------+--------+--------+--------+-----+--------+

Top non-repeatable levels by time:
     D:9: 2348 daAuts
    D:10: 1504 daAuts
     D:2: 1482 daAuts
     D:5: 1435 daAuts
    D:11: 1414 daAuts
  Lair:2: 1200 daAuts
     D:8: 1090 daAuts
     D:4: 1002 daAuts
     D:6: 985 daAuts
     D:7: 932 daAuts
     D:3: 927 daAuts
     D:1: 833 daAuts
  Lair:1: 479 daAuts
   Sewer: 473 daAuts
  Temple: 96 daAuts
